 Dungeon Crawl Stone Soup version 0.31.0-4-g52a2dc7128 (webtiles) character file.

Game seed: 16902297802386669445

44 Arctor the Shooter (level 3, 0/20 HPs)
             Began as a Kobold Hexslinger on Jan 23, 2024.
             Slain by a gnoll
             ... wielding a +0 whip
              (5 damage)
             ... on level 2 of the Dungeon.
             The game lasted 00:00:25 (862 turns).

Arctor the Shooter (Kobold Hexslinger)               Turns: 862, Time: 00:00:26

Health: 0/20       AC:  2    Str:  5    XL:     3   Next: 87%
Magic:  5/5        EV: 15    Int: 14    God:
Gold:   66         SH:  0    Dex: 19    Spells: 5/5 levels left

rFire   . . .        a - +1 sling
rCold   . . .        (no shield)
rNeg    . . .        c - +0 robe
rPois   .            (no helmet)
rElec   .            (no cloak)
rCorr   .            (no gloves)
SInv    .            (no boots)
Will    .....        (no amulet)
Stlth   +++          (no ring)
HPRegen 0.23/turn    (no ring)
MPRegen 0.09/turn

%: no passive effects
@: no status effects
A: small, no large weapons, nightstalker 3
a: no special abilities


You were on level 2 of the Dungeon.
You visited 1 branch of the dungeon, and saw 2 of its levels.

You collected 66 gold pieces.

Inventory:

Hand Weapons
 a - a +1 sling (weapon)
Armour
 c - a +0 robe (worn)
Scrolls
 b - a scroll of poison
 d - a scroll of noise {unknown}
 e - a scroll of teleportation {unknown}
 f - a scroll of identify {unknown}


   Skills:
 + Level 1.5 Fighting
 + Level 3.3 Ranged Weapons
 + Level 2.8 Dodging
 + Level 1.7 Spellcasting
 + Level 3.3 Hexes
 + Level 1.6 Fire Magic


You had 5 spell levels left.
You didn't know any spells.
Your spell library contained the following spells:

 Spells                   Type           Power      Damage    Failure   Level
 Jinxbite                 Hex            20%        N/A       10%         2
 Sigil of Binding         Hex            10%        N/A       19%         3
 Inner Flame              Hex/Fire       8%         N/A       26%         3
 Cause Fear               Hex            5%         N/A       54%         4
 Dimensional Bullseye     Hex/Tloc       2%         N/A       77%         4
 Yara's Violent Unravell  Hex/Alch       2%         3d3       98%         5
 Enfeeble                 Hex            5%         N/A       100%        7


Dungeon Overview and Level Annotations

Branches:
Dungeon (2/15)

Altars:


Innate Abilities, Weirdness & Mutations

You are small and have problems with some larger weapons.
You are completely attuned to the shadows.


Message History

There are monsters nearby!
You shoot a sling bullet. The sling bullet hits the gnoll.
The gnoll is lightly wounded.
The gnoll closely misses you. x2; The gnoll barely misses you.
The gnoll hits you from afar with a +0 spear.
The gnoll hits you with a +0 whip. The gnoll barely misses you.
There are monsters nearby!
You are too injured to fight recklessly!
There are monsters nearby!
Unknown command.
You don't know any spells.
Sorry, you're not good enough to have a special ability.
Unknown command.
You shoot a sling bullet. The sling bullet hits the gnoll.
The gnoll is moderately wounded.
You shoot a sling bullet. The sling bullet hits the gnoll.
The gnoll is moderately wounded.
You shoot a sling bullet. The sling bullet hits the gnoll.
The gnoll is moderately wounded.
The gnoll misses you.
You shoot a sling bullet. The sling bullet hits the gnoll!
The gnoll is almost dead.
The gnoll closely misses you. The gnoll misses you.
The gnoll closely misses you.
You shoot a sling bullet.
The sling bullet hits the gnoll but does no damage.
The gnoll is almost dead.
The gnoll closely misses you. The gnoll barely misses you.
You shoot a sling bullet. The sling bullet hits the gnoll!
You kill the gnoll!
The gnoll hits you from afar with a +0 spear.
You shoot a sling bullet. The sling bullet hits the gnoll.
The gnoll is heavily wounded.
The gnoll hits you from afar with a +0 spear.
* * * LOW HITPOINT WARNING * * *
The gnoll closely misses you.
Unknown command.
Unknown command.
The gnoll attacks as it pursues you! The gnoll hits you with a +0 whip.
You die...

########
#####......#
.........#.###.#
######.##.#...†..
..........@<###.#
######.##g### .#
###.##.#####.###
......#...g.)....
####....#####.###
.......... ...
###...^..# .###
###....# .#
.....#


You could see a gnoll.

Vanquished Creatures
  A gnoll (D:2)
  2 dart slugs (D:1)
  A bat (D:1)
  An endoplasm (D:1)
  A giant cockroach (D:1)
  A hobgoblin (D:1)
  8 jackals (D:1)
  5 kobolds (D:1)
  A quokka (D:1)
  2 ball pythons
  2 frilled lizards (D:1)
  A goblin (D:1)
  3 rats (D:1)
29 creatures vanquished.

Notes
Turn   | Place    | Note
-------+----------+-------------------------------------------
     0 | D:1      | Arctor the Kobold Hexslinger began the quest for the Orb.
     0 | D:1      | Reached XP level 1. HP: 12/12 MP: 2/2
    80 | D:1      | Reached XP level 2. HP: 16/16 MP: 3/3
   280 | D:1      | Reached XP level 3. HP: 19/20 MP: 5/5
   862 | D:2      | Slain by a gnoll

Illustrated notes

Levels and vault maps discovered:
D:1:      dpeg_arrival_prison, layout_loops_ring, minmay_distorted
D:2:      layout_basic, amethyst_killhole, minmay_pentomino_x2

Skill      XL: |  1  2 |
---------------+-------+-----
Ranged Weapons | 3 |  3.3
Fighting       | |  1.5
Dodging        | |  2.8
Spellcasting   | |  1.7
Hexes          | |  3.3
Fire Magic     | |  1.6

Action                     || total
---------------------------++-------
   Fire: Sling             ||    75
 Armour: Robe              ||    26
  Dodge: Dodged            ||    53
